 Dungeon Crawl Stone Soup version 0.29.1-2-gbd0b4ee654 (webtiles) character file.

Game seed: 605887909350017817

701 gregunderscorem the Insei (level 7, -6/43 HPs)
             Began as an Octopode Transmuter on Nov 29, 2022.
             Was an Initiate of Gozag.
             Mangled by Edmund
             ... wielding a +6 flail of protection
              (14 damage)
             ... on level 4 of the Dungeon.
             The game lasted 00:15:04 (5277 turns).

gregunderscorem the Insei (Octopode Transmuter)     Turns: 5277, Time: 00:15:05

Health: -6/43      AC:  1    Str: 12    XL:     7   Next: 66%
Magic:  18/19      EV: 13    Int: 15    God:    Gozag
Gold:   265        SH:  0    Dex: 12    Spells: 0/10 levels left

rFire   . . .      SeeInvis .     - Unarmed
rCold   . . .      Faith    .   (no shield)
rNeg    . . .      Spirit   .   (helmet restricted)
rPois   .          Reflect  .   (no amulet)
rElec   .          Harm     .   c - ring of magical power
rCorr   .          Rampage  .   (no ring)
Will    .....                   (no ring)
Stlth   ++........              (no ring)
HPRegen 0.14/turn               (no ring)
MPRegen 0.16/turn               (no ring)
                                (no ring)
                                (no ring)

@: wereblooded (expiring)
A: almost no armour, amphibious, 8 rings, camouflage 1, gelatinous body 1,
(nimble swimmer 1), tentacles
a: Renounce Religion, Potion Petition, Call Merchant, Bribe Branch


You were on level 4 of the Dungeon.
You worshipped Gozag.
Gozag was aware of your devotion.
You visited 2 branches of the dungeon, and saw 5 of its levels.
You also visited: Ossuary.

You collected 311 gold pieces.
You paid 46 gold pieces to Gozag.

Inventory:

Hand Weapons
 e - a +2 dagger of venom
Jewellery
 c - a ring of magical power (left tentacle)
 h - an amulet of faith
Scrolls
 d - a scroll of silence {unknown}
 f - a scroll of immolation
 g - a scroll of magic mapping
 o - a scroll of poison {unknown}
 p - a scroll of amnesia {unknown}
 q - a scroll of fear {unknown}
 r - a scroll of teleportation
Potions
 a - a potion of lignification
 b - a potion of berserk rage
 i - a potion of curing
 j - a potion of ambrosia {unknown}
 k - a potion of brilliance {unknown}
 l - 2 potions of might {unknown}
 m - 2 potions of attraction {unknown}
 n - 3 potions of cancellation {unknown}
 t - a potion of mutation {unknown}


   Skills:
 - Level 1.0 Fighting
 + Level 2.0 Dodging
 + Level 0.0 Stealth
 - Level 5.7 Unarmed Combat
 - Level 2.0 Spellcasting
 - Level 5.2 Transmutations
 - Level 4.8 Poison Magic


You couldn't memorise any spells.
You knew the following spells:

 Your Spells              Type           Power      Damage    Failure   Level
a - Beastly Appendage     Tmut           34%        N/A       2%          1
b - Spider Form           Tmut/Pois      16%        N/A       9%          3
c - Wereblood             Tmut           17%        N/A       3%          2
d - Ice Form              Ice/Tmut       9%         N/A       58%         4

Your spell library contained the following spells:

 Spells                   Type           Power      Damage    Failure   Level


Dungeon Overview and Level Annotations

Branches:
Dungeon (4/15)             Temple (1/1) D:4         Ossuary (visited)

Altars:
Dithmenos
Elyvilon
Fedhas
Gozag
Makhleb
Qazlal
Ru
Trog
Xom
Yredelemnul

Shops:
D:2 =

Annotations:
D:4 Edmund


Innate Abilities, Weirdness & Mutations

You cannot wear most types of armour.
You are amphibious.
You can wear up to eight rings at the same time.
Your skin changes colour to match your surroundings (Stealth+).
Your rubbery body absorbs attacks. (AC +1, EV +1)
((You are camouflaged when in or above water. (Stealth+)))
You have tentacles for arms and can constrict up to eight enemies at once.


Message History

You now have 265 gold pieces (gained 4).
There is a stone staircase leading down here.
Items here: )))) [.
You see here a +4 dagger.
Things that are here:
a +0 vorpal scythe; a +0 robe Edmund the Younger comes into view.
He is wielding a +6 flail of protection and wearing a +2 scale mail of fire resistance.
Casting: Spider Form (dangerous; 9% risk of failure)
Confirm with . or Enter, or press ? or * to list all spells.
Your blood is infused with primal strength.
Casting: Wereblood (safe; 3% risk of failure)
Confirm with . or Enter, or press ? or * to list all spells.
You turn into a venomous arachnid creature.
Edmund shouts!
You hit Edmund but do no damage.
Edmund is poisoned.
Edmund misses you.
You hit Edmund but do no damage. Edmund completely misses you.
You hit Edmund but do no damage.
Edmund looks as sick as possible!
Edmund hits you with a +6 flail of protection!
You hit Edmund but do no damage.
Edmund looks as sick as possible!
Edmund is lightly wounded.
Edmund hits you with a +6 flail of protection!
Edmund attacks as you move away!
Edmund hits you with a +6 flail of protection!
* * * LOW HITPOINT WARNING * * *
Edmund attacks as you move away! Edmund misses you.
Your transformation is almost over.
Okay, then.
Okay, then.
Edmund attacks as you move away! Edmund completely misses you.
Edmund attacks as you move away! Edmund barely misses you.
Edmund attacks as you move away! Edmund barely misses you.
Your primal bloodlust is almost over.
Edmund attacks as you move away!
Edmund hits you with a +6 flail of protection.
* * * LOW HITPOINT WARNING * * *
Your transformation has ended.
Edmund attacks as you move away!
Edmund hits you with a +6 flail of protection!
You die...
Your body crumbles into a pile of gold.

#...# #...#...........
#####.######### #...#..........>
......###..#..#####..............
###....###.......###.............
.......######....................
P.####.##...#.....#.##)..........
.P#..#.#.<...##......###.........
###..#........#.#....#...........
.....#.........@@...........<...#
..##.#..........###.............#
.##..#.#.......................##
.#[..#........#>.##...##.......##
.##..#........##.##............#.
.....#...........................
.#.....#......##.....#...........
.#...).##....####.......###......
~#...#)....### #...###..........


You could see Edmund (very poisoned).

Vanquished Creatures
  Sigmund (D:4)
  A wraith (Ossuary)
  A phantom (D:4)
  A necrophage (D:4)
  Crazy Yiuf (D:4)
  Natasha (thrice) (D:2)
  A mummy (Ossuary)
  Robin (D:4)
  4 adders (D:2)
  An ufetubus (D:4)
  2 worms
  4 dart slugs
  2 orcs (D:4)
  6 ball pythons
  3 bats (D:1)
  8 endoplasms
  2 giant cockroaches (D:1)
  14 goblins
  8 hobgoblins
  9 kobolds
  3 quokkas
  4 frilled lizards
  9 gnoll skeletons (Ossuary)
  7 kobold skeletons (Ossuary)
  8 orc skeletons (Ossuary)
  3 rats
107 creatures vanquished.

Notes
Turn   | Place    | Note
-------+----------+-------------------------------------------
     0 | D:1      | gregunderscorem the Octopode Transmuter began the quest for
                  | the Orb.
     0 | D:1      | Reached XP level 1. HP: 13/13 MP: 3/3
   197 | D:1      | Reached XP level 2. HP: 18/18 MP: 3/5
   666 | D:1      | Reached XP level 3. HP: 21/23 MP: 6/6
  1575 | D:2      | Learned a level 3 spell: Spider Form
  1578 | D:2      | Learned a level 2 spell: Wereblood
  1795 | D:2      | Found Kuklas's Jewellery Boutique.
  2023 | D:2      | Reached XP level 4. HP: 28/28 MP: 7/7
  2040 | D:2      | Noticed Natasha
  2049 | D:2      | Killed Natasha
  2050 | D:2      | Reached skill level 1 in Poison Magic
  2068 | D:2      | Noticed Natasha
  2074 | D:2      | Killed Natasha
  2300 | D:2      | Reached XP level 5. HP: 24/33 MP: 8/8
  2817 | D:2      | Noticed Natasha
  2822 | D:2      | Killed Natasha
  3509 | D:4      | Found a sand-covered staircase.
  3514 | D:4      | Reached XP level 6. HP: 27/38 MP: 9/9
  3526 | Ossuary  | Entered an ossuary
  3526 | Ossuary  | Noticed a wraith
  3526 | Ossuary  | Noticed a wraith
  3526 | Ossuary  | Noticed a wraith
  3589 | Ossuary  | Noticed a wraith
  3606 | Ossuary  | Killed a wraith
  3607 | Ossuary  | Reached skill level 5 in Unarmed Combat
  3757 | D:4      | Found a staircase to the Ecumenical Temple.
  3798 | Temple   | Entered the Ecumenical Temple
  3898 | Temple   | Became a worshipper of Gozag Ym Sagoz the Greedy
  4003 | D:4      | Found a runed translucent door.
  4004 | D:4      | Noticed Crazy Yiuf
  4079 | D:4      | Reached XP level 7. HP: 22/43 MP: 10/10
  4231 | D:4      | Killed Crazy Yiuf
  4709 | D:4      | Found Miexzuur's Weapon Shop.
  4738 | D:4      | Noticed Robin
  4768 | D:4      | Killed Robin
  4774 | D:4      | Noticed Sigmund
  4790 | D:4      | Killed Sigmund
  4791 | D:4      | Reached skill level 5 in Transmutations
  4794 | D:4      | HP: 1/43 [worm (9)]
  4804 | D:4      | Learned a level 4 spell: Ice Form
  5244 | D:4      | Noticed Edmund
  5277 | D:4      | Mangled by Edmund

Illustrated notes

Levels and vault maps discovered:
D:1:      nzn_arrival_water_spiral, layout_basic, minmay_domino_4
D:2:      layout_loops_corners, serial_shops, shop, eino_curves_04, uniq_natasha
D:3:      layout_loops_cross
D:4:      layout_rooms, minmay_temple_entry_statues_fountains, enter_ossuary_1,
          serial_curves, eino_curves_03, eino_curves_03, eino_curves_01,
          serial_shops, nicolae_shop_advertising_works
          [nicolae_subvault_shop_adworks], sigmund_edmund_badplayer,
          uniq_crazy_yiuf_cottage, uniq_robin
Temple:   nicolae_temple_two_arcs

Skill      XL: |  1  2  3  4  5  6  7 |
---------------+----------------------+-----
Transmutations | 3 4 5 |  5.2
Unarmed Combat | 4 5 |  5.7
Poison Magic   | 1 2 4 |  4.8
Fighting       | |  1.0
Dodging        | |  2.0
Spellcasting   | |  2.0

Action                   |  1- 3 |  4- 6 |  7- 9 || total
-------------------------+-------+-------+-------++-------
Melee: Unarmed           |    69 |    45 |    59 ||   173
       Constrict         |    21 |    33 |     6 ||    60
       Kick              |    10 |     7 |     2 ||    19
       Tentacles         |    15 |    25 |     3 ||    43
       Punch             |     1 |     5 |     1 ||     7
       Dagger            |    12 |    56 |       ||    68
 Cast: Beastly Appendage |    11 |     3 |     2 ||    16
       Wereblood         |       |     3 |     1 ||     4
       Spider Form       |       |       |     3 ||     3
  Use: Potion            |     2 |     1 |     2 ||     5
       Scroll            |       |     8 |       ||     8
 Stab: Sleeping          |     5 |     2 |       ||     7
       Distracted        |       |     1 |       ||     1
Armor: Skin              |     3 |     9 |     5 ||    17
Dodge: Dodged            |    49 |    56 |    39 ||   144
